 Dungeon Crawl Stone Soup version 0.27-a0-1184-ge86db4a01e (webtiles) character file.

Game seed: 229702437303502176

348 wakim the Ruffian (level 6, -2/61 HPs)
             Began as a Troll Fighter on May 18, 2021.
             Slain by an adder (3 damage)
             ... on level 3 of the Dungeon.
             The game lasted 00:05:48 (2146 turns).

wakim the Ruffian (Troll Fighter)                   Turns: 2146, Time: 00:05:49

Health: -2/61      AC:  4    Str: 26    XL:     6   Next: 33%
Magic:  5/5        EV:  8    Int:  5    God:
Gold:   728        SH:  9    Dex:  9    Spells: 5/5 levels left

rFire    . . .     SeeInvis .     - Unarmed
rCold    . . .     Faith    .   b - +0 kite shield
rNeg     . . .     Spirit   .   a - +0 robe
rPois    .         Reflect  .   (helmet restricted)
rElec    .         Harm     .   (no cloak)
rCorr    .         Rampage  .   (gloves unavailable)
Will     .....                  (boots unavailable)
Stlth    +.........             (no amulet)
HPRegen  1.20/turn              (no ring)
MPRegen  0.09/turn              (no ring)

@: lethally poisoned (-2 -> -7)
A: large, unfitting armour, claws 3, regeneration 1, shaggy fur 1, tough skin 1
a: no special abilities


You were on level 3 of the Dungeon.
You visited 1 branch of the dungeon, and saw 3 of its levels.

You collected 728 gold pieces.

Inventory:

Armour
 a - a +0 robe (worn)
 b - a +0 kite shield (worn)
Scrolls
 e - a scroll of enchant weapon
 r - a scroll of identify
 T - 2 scrolls of teleportation
Potions
 D - a potion of brilliance
 N - 2 potions of might


   Skills:
 + Level 3.2 Fighting
 + Level 3.3 Dodging
 * Level 4.0 Shields
 * Level 4.1 Unarmed Combat


You had 5 spell levels left.
You didn't know any spells.
Your spell library contained the following spells:

 Spells                   Type           Power      Damage    Failure   Level
 Magic Dart               Conj           0%         1d3       83%         1
 Blink                    Tloc           N/A        N/A       93%         2
 Call Imp                 Summ           0%         N/A       93%         2
 Slow                     Hex            0%         N/A       93%         2
 Conjure Flame            Conj/Fire      0%         6-21      99%         3
 Mephitic Cloud           Conj/Pois/Air  0%         N/A       99%         3


Dungeon Overview and Level Annotations

Branches:
Dungeon (3/15)

Altars:
Ru
Sif Muna


Innate Abilities, Weirdness & Mutations

You are too large for most types of armour.
You have claws for hands.
Your natural rate of healing is unusually fast.
You are covered in fur. (AC +1)
You have tough skin. (AC +1)


Message History

The adder poisons you!
You miss the adder.
The adder is lightly wounded.
You feel very sick. The adder bites you but does no damage.
The adder bites you.
* * * LOW HITPOINT WARNING * * *
The adder bites you.
* * * LOW HITPOINT WARNING * * *
You block the adder's attack.
Unknown command.
You scratch the adder.
The adder is heavily wounded.
You feel very sick. You block the adder's attack. The adder barely misses you.
The adder bites you.
* * * LOW HITPOINT WARNING * * *
The adder bites you but does no damage. x2; The adder barely misses you.
The adder bites you but does no damage.
Your shield prevents you from hitting the adder.
The adder is heavily wounded.
You feel very sick. The adder bites you.
* * * LOW HITPOINT WARNING * * *
You block the adder's attack. x2; The adder bites you but does no damage.
The adder barely misses you.
You closely miss the adder.
The adder is heavily wounded.
You feel sick. The adder completely misses you.
You block the adder's attack. x2
The adder bites you but does no damage. The adder bites you.
* * * LOW HITPOINT WARNING * * *
You are more poisoned.
The adder poisons you!
You claw the adder!
You kill the adder!
* * * LOW HITPOINT WARNING * * *
You feel very sick. The adder bites you.
* * * LOW HITPOINT WARNING * * *
You are more poisoned.
The adder poisons you! The adder bites you.
You die...

##### #+#####...# ###
### #..# #. .§.#
+.....#...#.... #..#
#. ####
#.....#...#.... #..#
#. #
#.....'...'.....#
##..###.
#.....#...#.....#
#....... ####
+.....#...#.....+
#.#.###. ##.# #+###
#...#####+####.#.....
#.## #..#..S#..#
#.##.#####. .##
#..'..S@..# #.##.# #.
#.## ### ####..S####
#.##.# #. ##.###.#
#..## #†##.# #.
###.#.## #.##
#.##.#####. ......#
#.# #........#.
####..# #.#
####.###.#. .# #..#
#.# #.# #.#. .# #..#
#.# #.###.#. .#
#..#######.###
#...#.#.


You could see 3 adders.

Vanquished Creatures
  Sigmund (D:2)
  A necrophage (D:3)
  6 adders
  A dart slug (D:3)
  7 ball pythons
  6 bats
  2 endoplasms (D:1)
  3 giant cockroaches
  3 hobgoblins
  12 jackals
  3 quokkas
  4 frilled lizards
  3 goblins
  5 kobolds
  2 rats
59 creatures vanquished.

Notes
Turn   | Place    | Note
-------+----------+-------------------------------------------
     0 | D:1      | wakim the Troll Fighter began the quest for the Orb.
     0 | D:1      | Reached XP level 1. HP: 22/22 MP: 0/0
    94 | D:1      | Reached XP level 2. HP: 27/29 MP: 1/1
   294 | D:1      | You fall into a shaft and drop 1 floor!
   294 | D:2      | Found a shimmering blue altar of Sif Muna.
   502 | D:2      | Reached XP level 3. HP: 36/36 MP: 2/2
   696 | D:2      | Noticed Sigmund
   720 | D:2      | Killed Sigmund
   721 | D:2      | Reached XP level 4. HP: 6/45 MP: 3/3
   721 | D:2      | Reached XP level 5. HP: 7/53 MP: 4/4
  1562 | D:3      | Found a sacrificial altar of Ru.
  1626 | D:3      | Noticed a necrophage
  1636 | D:3      | Killed a necrophage
  1637 | D:3      | Reached XP level 6. HP: 40/61 MP: 5/5
  1913 | D:3      | Identified a scroll of acquirement
  1913 | D:3      | Acquired 632 gold pieces
  2146 | D:3      | HP: 3/61 [poisoned by an adder]
  2146 | D:3      | HP: 1/61 [adder (2)]
  2146 | D:3      | Slain by an adder

Illustrated notes

Levels and vault maps discovered:
D:1:      minmay_arrival_doors, layout_basic,
          shapermc_ecumenical_altar_mp_ritualfount, grunt_decor_cap
D:2:      layout_basic, basic_altar, uniq_sigmund
D:3:      layout_loops_ring, lemuel_tele_altar, minmay_snake_closets

Skill      XL: |  1  2  3  4  5  6 |
---------------+-------------------+-----
Fighting       | 3 |  3.2
Dodging        | 3 |  3.3
Shields        | 3 4 |  4.0
Unarmed Combat | 3 4 |  4.1

Action                   |  1- 3 |  4- 6 || total
-------------------------+-------+-------++-------
Melee: Unarmed           |    75 |   110 ||   185
  Use: Scroll            |       |     7 ||     7
Armor: Robe              |    41 |    41 ||    82
Dodge: Dodged            |    29 |    41 ||    70
Block: Kite shield       |    29 |    68 ||    97

Table legend: (Time is in decaauts)
 A = Elapsed time spent in this place.
 B = Non-inter-level travel time spent in this place.
 C = Inter-level travel time spent in this place.
 D = Time resting spent in this place.
 E = Time spent auto-exploring this place.
 F = Levels seen in this place.
 G = Mean time per level.
                   A        B        C        D        E       F      G
               +--------+--------+--------+--------+--------+-----+--------+
         Total |   2168 |   2153 |     15 |     39 |   1686 |   3 |  722.7 |
       Dungeon |   2168 |   2153 |     15 |     39 |   1686 |   3 |  722.7 |
               +--------+--------+--------+--------+--------+-----+--------+

Top non-repeatable levels by time:
     D:2: 1092 daAuts
     D:3: 775 daAuts
     D:1: 301 daAuts
